 Dungeon Crawl Stone Soup version 0.27-a0-1144-g0b7d3b79db (webtiles) character file.

Game seed: 10629955210423043784

37 neco the Firebug (level 3, -2/21 HPs)
             Began as an Octopode Fire Elementalist on May 10, 2021.
             Slain by a gnoll
             ... wielding a +0 halberd
              (10 damage)
             ... on level 2 of the Dungeon.
             The game lasted 00:15:01 (1124 turns).

neco the Firebug (Octopode Fire Elementalist)       Turns: 1124, Time: 00:15:01

Health: -2/21      AC:  1    Str:  8    XL:     3   Next: 39%
Magic:  6/6        EV: 12    Int: 17    God:
Gold:   49         SH:  3    Dex: 12    Spells: 6/7 levels left

rFire    . . .     SeeInvis .   h - +0 mace
rCold    + . .     Faith    .   m - +0 buckler
rNeg     . . .     Spirit   .   (helmet restricted)
rPois    .         Reflect  .   (no amulet)
rElec    .         Harm     .   l - ring of protection from cold
rCorr    .         Rampage  .   (no ring)
Will     .....                  (no ring)
Stlth    +++.......             (no ring)
HPRegen  0.07/turn              (no ring)
MPRegen  0.10/turn              (no ring)
                                (no ring)
                                (no ring)

@: no status effects
A: almost no armour, amphibious, 8 rings, camouflage 1, gelatinous body 1,
(nimble swimmer 1), tentacles
a: no special abilities


You were on level 2 of the Dungeon.
You visited 1 branch of the dungeon, and saw 2 of its levels.

You collected 49 gold pieces.

Inventory:

Hand Weapons
 d - a +0 short sword
 f - a +0 club
 h - a +0 mace (weapon)
 n - a +0 halberd
Missiles
 a - 23 bolts
 i - 18 stones
Armour
 m - a +0 buckler (worn)
Jewellery
 l - a ring of protection from cold (left tentacle)
Scrolls
 g - 4 scrolls of identify {unknown}
 j - a scroll of silence {unknown}
 k - a scroll of blinking {unknown}
Potions
 b - a potion of brilliance
 c - 2 potions of ambrosia {unknown}
 e - a potion of curing {unknown}


   Skills:
 + Level 2.1 Dodging
 + Level 3.1 Stealth
 + Level 2.5 Spellcasting
 + Level 1.4 Conjurations
 + Level 3.4 Fire Magic


You had 6 spell levels left.
You knew the following spells:

 Your Spells              Type           Power      Damage    Failure   Level
a - Foxfire               Conj/Fire      40%        2x1d6     11%         1

Your spell library contained the following spells:

 Spells                   Type           Power      Damage    Failure   Level
 Conjure Flame            Conj/Fire      10%        6-21      32%         3
 Inner Flame              Hex/Fire       8%         N/A       41%         3
 Sticky Flame             Conj/Fire      10%        2d3       73%         4
 Fireball                 Conj/Fire      5%         3d5       97%         5


Dungeon Overview and Level Annotations

Branches:
Dungeon (2/15)

Altars:


Innate Abilities, Weirdness & Mutations

You cannot wear most types of armour.
You are amphibious.
You can wear up to eight rings at the same time.
Your skin changes colour to match your surroundings (Stealth+).
Your rubbery body absorbs attacks. (AC +1, EV +1)
((You are camouflaged near water. (Stealth+)))
You have tentacles for arms and can constrict up to eight enemies at once.


Message History

Confirm with . or Enter, or press ? or * to list all spells.
You conjure some foxfire!
The gnoll hits you from afar with a +0 halberd.
The foxfire hits the gnoll.
The gnoll is moderately wounded.
The foxfire hits the gnoll but does no damage.
The gnoll is moderately wounded.
The gnoll hits you with a +0 halberd.
Casting: Foxfire (safe; 12% risk of failure)
Confirm with . or Enter, or press ? or * to list all spells.
You conjure some foxfire!
You block the gnoll's attack.
You hit the gnoll. You grab the gnoll.
The gnoll is severely wounded.
You constrict the gnoll.
The foxfire hits the gnoll.
You kill the gnoll!
Your foxfire dissipates!
You see here a +0 halberd.
n - a +0 halberd
Found 7 gold pieces.
Found a stone staircase leading down.
c - 2 orange potions (gained 1)
There are no items here.
A frilled lizard comes into view.
You see here 7 gold pieces.
You see here 7 gold pieces.
You see here 7 gold pieces.
You hit the frilled lizard. You grab the frilled lizard.
The frilled lizard is severely wounded.
You constrict the frilled lizard.
You kill the frilled lizard!
You now have 49 gold pieces (gained 7).
You can't wield that with a shield.
A gnoll comes into view. It is wielding a +0 spear.
The gnoll shouts!
You hear a shout! 2 gnolls come into view.
The gnoll shouts!
The gnoll closely misses you. The gnoll hits you with a +0 spear!
The gnoll hits you from afar with a +0 halberd!
You die...

#.###............... #.
#............... #.
#...............
#.###...............
#..>................
##.########..........
###. #######.........
#...g###...............
#.gg@..#####..#...###
#.....##### ....#..##
...## #.....# .# .
........ .. ###.....##
.. ......# ... #.######


You could see 3 gnolls.

Vanquished Creatures
  An adder (D:2)
  A gnoll (D:2)
  A ball python (D:1)
  3 endoplasms
  A giant cockroach (D:1)
  3 goblins
  A hobgoblin (D:2)
  A bat (D:2)
  3 frilled lizards
  2 kobolds
  A rat (D:1)
18 creatures vanquished.

Vanquished Creatures (others)
  25 foxfires
25 creatures vanquished.

Grand Total: 43 creatures vanquished

Notes
Turn   | Place    | Note
-------+----------+-------------------------------------------
     0 | D:1      | neco the Octopode Fire Elementalist began the quest for the
                  | Orb.
     0 | D:1      | Reached XP level 1. HP: 11/11 MP: 3/3
   148 | D:1      | Reached XP level 2. HP: 11/17 MP: 1/5
   830 | D:2      | Reached XP level 3. HP: 12/21 MP: 3/6
  1124 | D:2      | Slain by a gnoll

Illustrated notes

Levels and vault maps discovered:
D:1:      dpeg_arrival_round_c, layout_loops_ring, basic_ecumenical_altar
D:2:      layout_rooms

Skill      XL: |  1  2 |
---------------+-------+-----
Stealth        | 3 |  3.1
Dodging        | |  2.1
Spellcasting   | |  2.5
Conjurations   | |  1.4
Fire Magic     | |  3.4

Action                   || total
-------------------------++-------
Melee: Short sword       ||    10
       Unarmed           ||     5
       Constrict         ||    10
       Tentacles         ||     3
       Mace              ||     8
 Cast: Foxfire           ||    15
  Use: Potion            ||     1
 Stab: Sleeping          ||     1
Armor: Skin              ||     2
Dodge: Dodged            ||    28
Block: Buckler           ||     2

Table legend: (Time is in decaauts)
 A = Elapsed time spent in this place.
 B = Non-inter-level travel time spent in this place.
 C = Inter-level travel time spent in this place.
 D = Time resting spent in this place.
 E = Time spent auto-exploring this place.
 F = Levels seen in this place.
 G = Mean time per level.
                   A        B        C        D        E       F      G
               +--------+--------+--------+--------+--------+-----+--------+
         Total |   1127 |   1127 |      0 |    225 |      0 |   2 |  563.5 |
       Dungeon |   1127 |   1127 |      0 |    225 |      0 |   2 |  563.5 |
               +--------+--------+--------+--------+--------+-----+--------+

Top non-repeatable levels by time:
     D:1: 738 daAuts
     D:2: 389 daAuts
